 Dungeon Crawl Stone Soup version 0.28.0-43-g3370ac3207 (webtiles) character file.

Game seed: 13154568422982546362

95667 KamiKatze the Eclecticist (level 15, -1/87 HPs)
             Began as a Deep Elf Conjurer on Mar 23, 2022.
             Was a High Priest of Vehumet.
             Shot with an arrow by a centaur warrior (17 damage)
             ... on level 15 of the Dungeon on Mar 24, 2022.
             The game lasted 02:09:40 (20808 turns).

KamiKatze the Eclecticist (Deep Elf Conjurer)      Turns: 20808, Time: 02:09:40

Health: -1/87      AC: 11    Str:  4    XL:     15   Next: 67%
Magic:  31/40      EV: 14    Int: 37    God:    Vehumet [*****.]
Gold:   2023       SH:  3    Dex: 13    Spells: 18/53 levels left

rFire   + . .      SeeInvis .   c - staff of conjuration
rCold   . . .      Faith    .   W - +0 buckler
rNeg    . . .      Spirit   .   P - +2 robe {rF+}
rPois   +          Reflect  .   n - +0 helmet
rElec   .          Harm     .   t - +1 cloak {rPois}
rCorr   .          Rampage  .   J - +1 pair of gloves
Will    ++...                   C - +1 pair of boots
Stlth   +++.......              q - amulet of magic regeneration
HPRegen 0.24/turn               E - ring of willpower
MPRegen 0.67/turn               H - +6 ring of intelligence

@: no status effects
A: no striking features
a: Renounce Religion


You were on level 15 of the Dungeon.
You worshipped Vehumet.
Vehumet was extremely pleased with you.
You visited 4 branches of the dungeon, and saw 24 of its levels.

You collected 2165 gold pieces.
You spent 142 gold pieces at shops.

Inventory:

Hand Weapons
 a - a +5 dagger of venom
 w - the +1 rapier of Uskayaw's Castigation {protect, rF+ Will+}
   (You found it on level 4 of the Lair of Beasts)

   It grants its wielder temporary protection when it strikes (+7 to AC).
   rF:        It protects you from fire.
   Will:      It increases your willpower.
 K - the +6 falchion of Bile {speed, Str+6 Int+3}
   (You took it off a centaur on level 8 of the Dungeon)

   Attacks with this weapon are significantly faster.
   Str:       It affects your strength (+6).
   Int:       It affects your intelligence (+3).
Missiles
 d - 24 poisoned darts
 y - 6 throwing nets
 Q - 5 curare-tipped darts
Armour
 n - a +0 helmet (worn)
 t - a +1 cloak of poison resistance (worn)
 C - a +1 pair of boots (worn)
 J - a +1 pair of gloves (worn)
 N - a +2 robe of cold resistance
 P - a +2 robe of fire resistance (worn)
 W - a +0 buckler (worn)
Magical Staves
 c - a staff of conjuration (weapon)
 i - a staff of cold
 v - a staff of poison
 x - a staff of fire
 X - a staff of earth
Jewellery
 e - a ring of poison resistance
 f - a +6 ring of dexterity
 q - an amulet of magic regeneration (around neck)
 E - a ring of willpower (left hand)
 H - a +6 ring of intelligence (right hand)
 T - a ring of flight
Wands
 b - a wand of iceblast (10)
 B - a wand of charming (8)
 F - a wand of polymorph (11)
 G - a wand of flame (20)
 I - a wand of digging (7)
 L - a wand of mindburst (15)
Scrolls
 h - 2 scrolls of immolation
 j - 2 scrolls of vulnerability
 l - 8 scrolls of blinking
 m - 2 scrolls of identify
 r - a scroll of holy word
 A - a scroll of fog
 M - 3 scrolls of magic mapping
 O - 9 scrolls of teleportation
 V - a scroll of amnesia
Potions
 g - 3 potions of brilliance
 k - 8 potions of curing
 o - 5 potions of berserk rage
 p - a potion of invisibility
 s - 7 potions of heal wounds
 u - 2 potions of resistance
 z - 2 potions of haste
 D - a potion of flight
 R - 2 potions of attraction
 U - a potion of cancellation
 Y - 3 potions of lignification
Miscellaneous
 S - a phial of floods


   Skills:
 + Level 7.6 Fighting
 - Level 6.0 Dodging
 - Level 6.0 Stealth
 * Level 0.8 Shields
 * Level 19.8 Spellcasting
 - Level 16.0 Conjurations
 - Level 12.0 Hexes
 - Level 10.0 Translocations
 * Level 4.7 Fire Magic
 * Level 9.4 Ice Magic
 - Level 3.0 Poison Magic


You had 18 spell levels left.
You knew the following spells:

 Your Spells              Type           Power      Damage    Failure   Level
a - Magic Dart            Conj           100%       1d8       0%          1
b - Searing Ray           Conj           100%       2d8       0%          2
c - Fulminant Prism       Conj/Hex       59%        3d25      1%          4
d - Iskenderun's Mystic   Conj/Tloc      100%       2d19      1%          4
e - Fireball              Conj/Fire      53%        3d21      1%          5
f - Hailstorm             Conj/Ice       100%       3d20      1%          4
g - Freezing Cloud        Conj/Ice/Air   49%        6-21      1%          5
h - Ozocubu's Refrigerat  Ice            41%        4d13      5%          7
i - Ignite Poison         Fire/Tmut/Pois 54%        N/A       1%          3

Your spell library contained the following spells:

 Spells                   Type           Power      Damage    Failure   Level
 Foxfire                  Conj/Fire      100%       2x1d9     0%          1
 Slow                     Hex            100%       N/A       0%          1
 Dazzling Flash           Conj/Hex       100%       N/A       0%          3
 Call Imp                 Summ           36%        N/A       1%          2
 Ensorcelled Hibernation  Hex/Ice        100%       N/A       1%          2
 Passwall                 Tmut/Erth      30%        N/A       1%          2
 Confusing Touch          Hex            90%        N/A       1%          3
 Conjure Flame            Conj/Fire      100%       6-21      1%          3
 Inner Flame              Hex/Fire       78%        N/A       1%          3
 Mephitic Cloud           Conj/Pois/Air  90%        N/A       1%          3
 Ozocubu's Armour         Ice            82%        N/A       1%          3
 Flame Wave               Conj/Fire      100%       2d17      1%          4
 Iskenderun's Battlesphe  Conj           100%       2d15      1%          5
 Yara's Violent Unravell  Hex/Tmut       34%        3d14      1%          5
 Summon Mana Viper        Hex/Summ       69%        N/A       2%          5
 Swiftness                Air            36%        N/A       3%          3
 Vampiric Draining        Necr           36%        2d8       3%          3
 Summon Forest            Summ/Tloc      32%        N/A       3%          5
 Enfeeble                 Hex            45%        N/A       7%          7
 Summon Cactus Giant      Summ           18%        N/A       86%         6


Dungeon Overview and Level Annotations

Branches:
Dungeon (15/15)            Temple (1/1) D:4            Lair (6/6) D:8
 Shoals (0/4) Lair:2       Spider (0/4) Lair:2        Slime (0/5) Lair:6
    Orc (2/2) D:12            Elf (0/3) Orc:2        Vaults (0/5) D:13
 Depths: D:15

Altars:
Ashenzari
Cheibriados
Dithmenos
Elyvilon
Fedhas
Gozag
Hepliaklqana
Kikubaaqudgha
Makhleb
Nemelex Xobeh
Okawaru
Qazlal
Ru
Sif Muna
Trog
Uskayaw
Vehumet
Wu Jian
Xom
Yredelemnul
Zin
The Shining One

Shops:
D:4 *   D:8 !   D:11 !=*   D:12 *=   Orc:1 [   Orc:2 =*=[(

Portals:
Trove: D:12 (give 13 potions of heal wounds)

Annotations:
D:10 exclusion: cyclops


Message History

Vehumet accepts your kill.
The blast of energy engulfs the centaur!!
You kill the centaur!
Vehumet accepts your kill.
You feel your power returning.
The blast of energy engulfs the skeletal warrior!!!
You destroy the skeletal warrior!
Vehumet accepts your kill.
The blast of energy engulfs the centaur warrior!!!
The centaur warrior is severely wounded.
Your fulminant prism crackles loudly.
Unknown command.
Casting: Iskenderun's Mystic Blast (safe; 1% risk of failure)
Confirm with . or Enter, or press ? or * to list all spells.
Aiming: Fulminant Prism (safe; 1% risk of failure)
Press: ? - help, Dir - move target You feel a surge of power!
You conjure a prism of explosive energy!
A fulminant prism comes into view.
The centaur wields a +0 shortbow.
The centaur shoots an arrow.
The arrow hits you.
* * * LOW HITPOINT WARNING * * *
The centaur warrior shoots an arrow.
The arrow hits your fulminant prism!!
Your fulminant prism explodes!
The blast of energy engulfs the skeletal warrior!
You destroy the skeletal warrior!
Vehumet accepts your kill.
You feel your power returning.
Unknown command.
The centaur warrior shoots an arrow.
The arrow hits your fulminant prism!
The centaur warrior shoots an arrow.
The arrow hits your fulminant prism!
Your fulminant prism detonates feebly.
The centaur shoots an arrow.
The arrow hits you.
* * * LOW HITPOINT WARNING * * *
The centaur warrior shoots an arrow.
The arrow hits you!
* * * LOW HITPOINT WARNING * * *
Unknown command.
The centaur shoots an arrow.
The arrow hits you but does no damage.
The centaur warrior shoots an arrow.
The arrow hits you!
You die...

.
###########..^.
.?.....@.).....
...............
...............
..........).(..
.#####.)...)...
#......c..
#..)))c...
#.........


You could see a centaur warrior and a centaur.

Vanquished Creatures
  An orc warlord (Orc:2)
  Azrael (D:13)
  Snorg (Lair:3)
  A fire dragon (Lair:6)
  Harold (Orc:1)
  Fannar (D:10)
  7 hydras
  4 vault guards (D:13)
  6 boulder beetles
  10 death yaks
  8 centaur warriors
  3 catoblepae
  Erica (Lair:1)
  2 tengu warriors
  3 two-headed ogres
  Sonja (D:13)
  3 orc high priests (Orc:2)
  Nergalle (Orc:1)
  8 skeletal warriors
  A swamp dragon (Lair:6)
  A lindwurm (Lair:6)
  An oklob plant (Lair:3)
  A wolf spider (Lair:6)
  7 ugly things
  6 orc knights
  5 orc sorcerers
  3 manticores
  A shining eye (shapeshifter) (D:13)
  A merfolk siren (Lair:2)
  Maurice (D:10)
  10 black mambas
  A guardian serpent (Lair:6)
  Joseph (D:7)
  A torpor snail (Lair:3)
  A gargoyle (D:13)
  9 rime drakes
  Psyche (D:9)
  An unseen horror (D:11)
  14 cane toads
  A kobold demonologist (D:13)
  8 komodo dragons
  An efreet (D:14)
  A tengu conjurer (D:12)
  2 trolls
  3 merfolk (Lair:2)
  A polar bear (Lair:1)
  3 meliai (Lair:4)
  A queen bee (Lair:4)
  Grinder (D:6)
  9 blink frogs
  3 hornets
  6 dream sheep (Lair:5)
  6 slime creatures
  2 shadows (D:13)
  4 wraiths
  4 vampires
  31 yaks
  13 wyverns
  5 basilisks
  A hog (shapeshifter) (D:14)
  A golden eye (shapeshifter) (D:13)
  A steam dragon (D:9)
  5 vampire mosquitoes
  3 fire elementals (D:13)
  4 redbacks (Lair:6)
  5 wargs
  6 swamp worms (Lair:5)
  25 water moccasins
  5 hell hounds (D:13)
  A sky beast (D:7)
  A swamp drake (Lair:6)
  2 ice beasts
  4 black bears
  6 necrophages
  27 orc warriors
  7 centaurs
  6 ogres
  20 wolves
  4 bullfrogs
  2 kobold brigands
  A gnoll sergeant (D:10)
  A scorpion (D:5)
  A wyvern skeleton (D:6)
  A water moccasin zombie (D:6)
  A water moccasin skeleton (D:6)
  34 killer bees
  4 wights (D:5)
  3 howler monkeys (D:9)
  3 electric eels (D:8)
  3 centaur zombies
  8 jellies
  20 orc priests
  8 hounds
  A bullfrog skeleton (D:5)
  Jessica (D:3)
  A centaur skeleton (D:7)
  23 orc wizards
  An iguana (Lair:6)
  Terence (D:3)
  Robin (D:2)
  14 gnolls
  8 adders
  A dart slug (D:3)
  72 orcs
  9 ball pythons
  9 endoplasms
  8 giant cockroaches
  11 hobgoblins
  6 jackals
  2 quokkas
  8 bats
  2 frilled lizards
  15 goblins
  14 kobolds
  6 rats
  11 briar patches (Lair:5)
  A fulminant prism (Lair:6)
685 creatures vanquished.

Vanquished Creatures (others)
  A briar patch (Lair:5)
  2 bushes (Lair:6)
  482 fulminant prisms
  61 fungi
  125 plants
671 creatures vanquished.

Grand Total: 1356 creatures vanquished

Notes
Turn   | Place    | Note
-------+----------+-------------------------------------------
     0 | D:1      | KamiKatze the Deep Elf Conjurer began the quest for the
                  | Orb.
     0 | D:1      | Reached XP level 1. HP: 10/10 MP: 6/6
   168 | D:1      | Reached XP level 2. HP: 15/15 MP: 5/8
   287 | D:1      | Learned a level 2 spell: Searing Ray
   665 | D:1      | Reached XP level 3. HP: 17/19 MP: 8/10
  1064 | D:2      | Reached skill level 4 in Spellcasting
  1064 | D:2      | Reached skill level 5 in Conjurations
  1415 | D:2      | Reached XP level 4. HP: 24/24 MP: 10/12
  1429 | D:2      | Learned a level 4 spell: Fulminant Prism
  1434 | D:2      | Learned a level 4 spell: Iskenderun's Mystic Blast
  1507 | D:2      | Noticed Robin
  1558 | D:2      | Killed Robin
  1794 | D:3      | Noticed Terence
  1817 | D:3      | Killed Terence
  1818 | D:3      | Reached skill level 1 in Hexes
  1818 | D:3      | Reached skill level 1 in Translocations
  1988 | D:3      | Noticed Jessica
  1989 | D:3      | Killed Jessica
  1990 | D:3      | Reached XP level 5. HP: 28/28 MP: 11/14
  2079 | D:3      | Found a faded altar of an unknown god.
  2107 | D:3      | Found a burning altar of Makhleb.
  2206 | D:3      | Reached skill level 5 in Spellcasting
  2549 | D:3      | Found an opulent altar of Gozag.
  2682 | D:4      | Found a sacrificial altar of Ru.
  2687 | D:4      | Found a staircase to the Ecumenical Temple.
  2691 | D:4      | Reached XP level 6. HP: 32/32 MP: 13/15
  2699 | Temple   | Entered the Ecumenical Temple
  2843 | Temple   | Became a worshipper of Vehumet
  3016 | D:4      | Found Zin's Purification Station.
  3029 | D:4      | Found a glowing silver altar of Zin.
  3222 | D:4      | Found a bloodstained altar of Trog.
  3360 | D:5      | Entered Level 5 of the Dungeon
  3562 | D:5      | Noticed an ice beast
  3562 | D:5      | Noticed a yak
  3563 | D:5      | Noticed a yak
  3744 | D:5      | Killed an ice beast
  3745 | D:5      | Reached skill level 6 in Spellcasting
  3745 | D:5      | Reached XP level 7. HP: 27/36 MP: 9/18
  4089 | D:5      | Reached * piety under Vehumet
  4089 | D:5      | Offered knowledge of Foxfire by Vehumet.
  4094 | D:5      | Reached skill level 5 in Hexes
  4103 | D:5      | Reached skill level 7 in Spellcasting
  4103 | D:5      | Reached XP level 8. HP: 12/41 MP: 6/20
  4442 | D:5      | Reached skill level 5 in Translocations
  4448 | D:5      | Reached skill level 8 in Spellcasting
  4468 | D:5      | Reached XP level 9. HP: 29/45 MP: 7/23
  4868 | D:6      | Noticed Grinder
  4880 | D:6      | Killed Grinder
  4930 | D:6      | Reached skill level 9 in Spellcasting
  4933 | D:6      | Noticed a red ugly thing
  4945 | D:6      | Killed a red ugly thing
  5343 | D:7      | Offered knowledge of Sandblast by Vehumet.
  5343 | D:7      | Reached ** piety under Vehumet
  5654 | D:7      | Found an iron altar of Okawaru.
  5725 | D:7      | Noticed Joseph
  5742 | D:7      | Killed Joseph
  5743 | D:7      | Reached skill level 10 in Spellcasting
  5743 | D:7      | Reached XP level 10. HP: 50/50 MP: 14/26
  6102 | D:8      | Found a hazy altar of Hepliaklqana.
  6168 | D:8      | Identified the +6 falchion of Bile {speed, Str+6 Int+3}
  6201 | D:8      | Found a staircase to the Lair.
  6699 | D:8      | Found Aciol's Distillery.
  6970 | D:9      | Noticed Psyche
  6973 | D:9      | Killed Psyche
  7037 | D:9      | Reached skill level 11 in Spellcasting
  7037 | D:9      | Reached skill level 10 in Hexes
  7064 | D:9      | Reached skill level 10 in Conjurations
  7101 | D:9      | Identified the +6 trident of Tenacity {venom, Fragile Int+3
                  | Dex+2}
  7124 | D:9      | Found a basalt altar of Yredelemnul.
  7475 | D:9      | Found a blossoming altar of Fedhas.
  7555 | D:9      | Found a white marble altar of Elyvilon.
  7647 | D:9      | Offered knowledge of Conjure Flame by Vehumet.
  7648 | D:9      | Reached XP level 11. HP: 41/54 MP: 24/28
  7682 | D:9      | You fall into a shaft and drop 1 floor!
  7682 | D:10     | Entered Level 10 of the Dungeon
  7791 | D:9      | Found a hide-covered altar of Uskayaw.
  7872 | D:10     | Noticed a two-headed ogre
  7878 | D:10     | Killed a two-headed ogre
  7886 | D:10     | Noticed Maurice
  7896 | D:10     | Killed Maurice
  7897 | D:10     | Reached skill level 12 in Spellcasting
  8115 | D:10     | Noticed Fannar
  8118 | D:10     | Reached *** piety under Vehumet
  8133 | D:10     | Killed Fannar
  8137 | D:10     | Reached skill level 1 in Fighting
  8317 | D:10     | Found a shimmering blue altar of Sif Muna.
  8431 | D:10     | Found a glowing golden altar of the Shining One.
  8464 | D:10     | Noticed a centaur warrior
  8466 | D:10     | Noticed a centaur warrior
  8466 | D:10     | Noticed an ogre mage
  8466 | D:10     | Noticed a boulder beetle
  8533 | D:10     | Noticed a two-headed ogre
  8541 | D:10     | Killed a two-headed ogre
  8866 | D:11     | Noticed a boulder beetle
  8945 | Lair:1   | Entered Level 1 of the Lair of Beasts
  8946 | Lair:1   | Noticed a four-headed hydra
  8952 | Lair:1   | Killed a four-headed hydra
  8955 | Lair:1   | Noticed Erica
  8962 | Lair:1   | Killed Erica
  9488 | Lair:2   | Noticed a six-headed hydra
  9496 | Lair:2   | Killed a six-headed hydra
  9544 | Lair:2   | Noticed a six-headed hydra
  9551 | Lair:2   | Killed a six-headed hydra
  9569 | Lair:2   | Reached skill level 13 in Spellcasting
  9575 | Lair:2   | Reached skill level 5 in Stealth
  9594 | Lair:2   | Found a staircase to the Shoals.
  9625 | Lair:2   | Reached XP level 12. HP: 59/64 MP: 19/31
  9729 | Lair:2   | Found a hole to the Spider Nest.
  9759 | Lair:2   | Reached skill level 5 in Dodging
 10509 | Lair:3   | Noticed a death yak
 10515 | Lair:3   | Noticed a death yak
 10521 | Lair:3   | Killed a death yak
 10522 | Lair:3   | Noticed a death yak
 10524 | Lair:3   | Killed a death yak
 10533 | Lair:3   | Noticed a death yak
 10536 | Lair:3   | Killed a death yak
 10536 | Lair:3   | Offered knowledge of Hailstorm by Vehumet.
 10537 | Lair:3   | Reached skill level 14 in Spellcasting
 10542 | Lair:3   | Killed a death yak
 10545 | Lair:3   | Noticed a death yak
 10549 | Lair:3   | Learned a level 4 spell: Hailstorm
 10555 | Lair:3   | Killed a death yak
 10659 | Lair:3   | Noticed Snorg
 10675 | Lair:3   | Killed Snorg
 10676 | Lair:3   | Reached skill level 1 in Ice Magic
 11993 | Lair:4   | Reached **** piety under Vehumet
 12032 | Lair:4   | Offered knowledge of Ignite Poison by Vehumet.
 12041 | Lair:4   | Reached skill level 15 in Spellcasting
 12048 | Lair:4   | Learned a level 3 spell: Ignite Poison
 12092 | Lair:4   | Reached XP level 13. HP: 70/70 MP: 27/34
 12259 | Lair:4   | Identified the +1 rapier of Uskayaw's Castigation {protect,
                  | rF+ Will+}
 12693 | Lair:4   | Reached skill level 1 in Poison Magic
 13369 | Lair:5   | Found a transporter.
 13430 | Lair:5   | Reached skill level 5 in Fighting
 13430 | Lair:5   | Reached skill level 16 in Spellcasting
 13430 | Lair:5   | Reached skill level 10 in Translocations
 13558 | Lair:5   | Found a transporter.
 14293 | Lair:5   | Identified the amulet "Tiate" {Reflect -Tele rPois Will+
                  | SH+5}
 14330 | Lair:6   | Entered Level 6 of the Lair of Beasts
 14333 | Lair:6   | Reached ***** piety under Vehumet
 14333 | Lair:6   | Offered knowledge of Ozocubu's Refrigeration by Vehumet.
 14464 | Lair:6   | Reached skill level 17 in Spellcasting
 14464 | Lair:6   | Reached XP level 14. HP: 44/79 MP: 34/37
 14542 | Lair:6   | Reached skill level 15 in Conjurations
 14682 | Lair:6   | Learned a level 7 spell: Ozocubu's Refrigeration
 15084 | Lair:6   | Offered knowledge of Iskenderun's Battlesphere by Vehumet.
 15090 | Lair:6   | Identified the +0 cloak "Video" {Harm +Inv rC- Int+5}
 15100 | Lair:6   | Identified the +0 leather armour "Hieguust" {MP+9}
 15394 | Lair:6   | Found a staircase to the Slime Pits.
 15687 | Lair:6   | Reached skill level 5 in Ice Magic
 16150 | D:11     | Found Petairph's Distillery.
 16157 | D:11     | Learned a level 5 spell: Iskenderun's Battlesphere
 16177 | D:11     | Reached skill level 18 in Spellcasting
 16360 | D:11     | Found Ozxupuuq's General Store.
 16374 | D:11     | Bought a scroll of blinking for 97 gold pieces
 16374 | D:11     | Bought a scroll of magic mapping for 45 gold pieces
 16391 | D:11     | Found Wuvied's Jewellery Shoppe.
 16692 | D:11     | Found a faded altar of an unknown god.
 17078 | D:12     | Found a staircase to the Orcish Mines.
 17315 | D:12     | Found Mooceps's Blood Bar.
 17412 | D:12     | Found a portal to a secret trove of treasure.
 17597 | D:12     | Found Gigop's Jewellery Boutique.
 17738 | Orc:1    | Entered Level 1 of the Orcish Mines
 17863 | Orc:1    | Noticed Nergalle
 17869 | Orc:1    | Killed Nergalle
 17898 | Orc:1    | Noticed Harold
 17902 | Orc:1    | Killed Harold
 17974 | Orc:1    | Found Jiff's Antique Armour Shop.
 18123 | Orc:2    | Entered Level 2 of the Orcish Mines
 18123 | Orc:2    | Found a staircase to the Elven Halls.
 18201 | Orc:2    | Offered knowledge of Fireball by Vehumet.
 18208 | Orc:2    | Learned a level 5 spell: Fireball
 18304 | Orc:2    | Reached XP level 15. HP: 62/86 MP: 34/39
 18307 | Orc:2    | Noticed an orc warlord
 18315 | Orc:2    | Killed an orc warlord
 18316 | Orc:2    | Reached skill level 19 in Spellcasting
 18571 | Orc:2    | Found Redeom's Jewellery Shop.
 18981 | Orc:2    | Found Vuveqati's Antique Armour Shop.
 18982 | Orc:2    | Found Sycem's Antique Weapon Shop.
 18984 | Orc:2    | Found Visaum's General Store.
 18984 | Orc:2    | Found Nad Dey's Jewellery Boutique.
 19081 | Orc:1    | Offered knowledge of Freezing Cloud by Vehumet.
 19281 | D:13     | Noticed Sonja
 19284 | D:13     | Killed Sonja
 19312 | D:13     | Reached skill level 1 in Fire Magic
 19628 | D:13     | Learned a level 5 spell: Freezing Cloud
 19913 | D:13     | Noticed Azrael
 19918 | D:13     | Killed Azrael
 20033 | D:13     | Found a gate to the Vaults.
 20799 | D:15     | Entered Level 15 of the Dungeon
 20808 | D:15     | Shot with an arrow by a centaur warrior

Illustrated notes

Levels and vault maps discovered:
D:1:      zelgadis_glass_arrival_small, layout_basic, minmay_worlds_worst_comb
D:2:      layout_loops_ring, uniq_robin
D:3:      cheibrodos_old_hovel, layout_loops_ring, lemuel_round_altar,
          lemuel_crystal_altar, hellmonk_ecumenical_altar_lost_god,
          nicolae_grassy_gnolls, uniq_jessica, uniq_terence
D:4:      layout_basic, amcnicky_altar_gilded, trog_hazing_becter, zin_purify,
          minmay_temple_entry_proselytizer
D:5:      layout_basic
D:6:      layout_cave_pools, corexii_leaking_fountain, uniq_grinder
D:7:      layout_loops_ring, mainiacjoe_overflow_alcove_1, uniq_joseph
D:8:      layout_loops_ring, nzn_hepliaklqana_mist_gate, erik_lair_island,
          serial_shops, shop
D:9:      layout_roguey, kennysheep_ying_yang, mainiacjoe_overflow_brackets,
          mainiacjoe_overflow_cross_hatched, uniq_psyche
D:10:     layout_loops_corners, led_sif_pool,
          mainiacjoe_overflow_six_doors_small, st_stairs_10, minivault_12,
          uniq_maurice, uniq_fannar
D:11:     layout_irregular_city, serial_shops, nicolae_shop_statue_plus,
          nicolae_stop_n_shop_1, nicolae_diamond_shop, serial_column_ruins,
          column_ruins_temple_circle, column_ruins_grid_1,
          column_ruins_columns_corner, column_ruins_open_small,
          column_ruins_open_tiny, column_ruins_open_medium, column_ruins_grid_2,
          bh_walls_and_bars
D:12:     layout_irregular_city, david_orc_1_choice, serial_shops, shop,
          nicolae_trove_entry_isolated, guppyfry_shop_blood
D:13:     layout_basic, lightli_vaults_fourway_checkpoint, uniq_sonja,
          uniq_azrael
D:14:     layout_cross, roderic_roman_lattice
D:15:     hangedman_depths_entry_try_elsewhere_first, layout_irregular_city,
          minmay_misc_feat_iff, uniq_jorgrun
Temple:   nicolae_temple_figure_zero
Lair:1:   layout_misc_corridors, uniq_erica
Lair:2:   layout_gridlike, elwin_shoals_entry_stream,
          spider_nest_entry_web_field
Lair:3:   layout_layer_cave, minmay_lair_oklob_items, grunt_megastairs_1,
          serial_bayou_shore_b, uniq_snorg
Lair:4:   regret_index_wax_grids, layout_layer_cave
Lair:5:   gammafunk_worm_tunnel, layout_cave_pods, roderic_carrion_pond
Lair:6:   guppyfry_lair_end_dragon, layout_misc_corridors,
          hangedman_lair_tendril_chambers, nicolae_slime_entry_slimehenge
Orc:1:    layout_diamond_mine, serial_shops, nicolae_shop_advertising_works
          [nicolae_subvault_shop_adworks], uniq_nergalle, uniq_harold
Orc:2:    st_orc_congregation, layout_caves, serial_shops, shop

Skill      XL: |  1  2  3  4  5  6  7  8  9 10 11 12 13 14 15 |
---------------+----------------------------------------------+-----
Stealth        | 3 5 6 |  6.0
Dodging        | 3 4 6 |  6.0
Spellcasting   | 4 5 6 7 8 10 11 13 15 17 18 19 | 19.8
Conjurations   | 5 6 8 9 10 11 13 14 15 16 | 16.0
Hexes          | 1 2 3 5 7 9 10 12 | 12.0
Translocations | 1 2 3 4 6 7 9 10 | 10.0
Fighting       | 2 4 5 7 |  7.6
Ice Magic      | 3 7 9 |  9.4
Poison Magic   | 3 |  3.0
Fire Magic     | 4 |  4.7
Shields        | |  0.8

Action                   |  1- 3 |  4- 6 |  7- 9 | 10-12 | 13-15 || total
-------------------------+-------+-------+-------+-------+-------++-------
Melee: Dagger            |     9 |       |       |       |       ||     9
       Short sword       |     4 |       |       |       |       ||     4
       Falchion          |       |       |       |     1 |       ||     1
       Staff             |       |       |       |       |     1 ||     1
 Cast: Magic Dart        |    63 |    88 |    18 |    31 |    15 ||   215
       Searing Ray       |     2 |    24 |    16 |    19 |    13 ||    74
       Fulminant Prism   |       |       |    36 |   141 |   306 ||   483
       Iskenderun's Myst |       |       |     5 |    38 |    63 ||   106
       Hailstorm         |       |       |       |       |    12 ||    12
       Fireball          |       |       |       |       |    25 ||    25
       Ozocubu's Refrige |       |       |       |       |    10 ||    10
       Freezing Cloud    |       |       |       |       |     2 ||     2
Evoke: Wand              |       |       |       |       |     3 ||     3
  Use: Scroll            |       |     1 |     4 |     7 |    13 ||    25
       Potion            |       |       |       |       |     3 ||     3
 Stab: Sleeping          |     2 |       |       |       |       ||     2
Armor: Robe              |     3 |       |       |     3 |     9 ||    15
       Animal skin       |       |     3 |     5 |     1 |       ||     9
Dodge: Dodged            |    21 |     9 |    19 |    12 |    31 ||    92
Block: Buckler           |       |       |       |       |     2 ||     2
